Map: Ascension to Aiur LE

Players

Long - Winner!

  • Race: Zerg Zerg
  • League: Gold
  • Spawn Location: 5:00

Juxtapose

  • Race: Zerg Zerg
  • League: Gold
  • Spawn Location: 11:00

VOD

https://youtu.be/lC3RBpw60Lw

Description

So by now I'd more than violated my Golden rule of Multiplayer Real Time Strategy games, and that rule is if you loose two games in a row, stop for the night.

This is my fourth game of the night and after three loses in a row I'm already feeling quite discouraged and it definitely shows in how I play here.

After this game I finally listened to myself and stopped.

Time

  • Played on: Oct. 28, 2017, 8:21 p.m.
  • Length: 8:23
Show
View Real Time Build Order
Export as new Build Order

Long Zerg - Winner!

Build Orders: Hatch First 

Get SALT Encoding   

  12  0:03  Drone  
  13  0:08  Drone  
  14  0:41  Hatchery  
  14  0:42  Drone  
  14  0:56  Spawning Pool  
  13  0:58  Drone  
  13  1:01  Extractor  
  13  1:08  Drone  
  14  1:13  Overlord  
  14  1:31  Drone  
  14  1:32  Drone x2  
  17  1:43  Queen  
  19  1:58  Queen  
  21  2:02  Drone  
  21  2:04  Drone  
  23  2:10  Drone  
  24  2:21  Drone x3  
  27  2:29  Extractor  
  26  2:34  Drone x2  
  28  2:48  Overlord  
  28  2:50  Lair  
  28  3:01  Extractor  
  28  3:02  Drone, Extractor  
  28  3:03  Drone  
  28  3:07  Drone x4  
  28  3:09  Drone  
  33  3:16  Drone  
  33  3:17  Drone  
  35  3:20  Drone  
  36  3:33  Overlord  
  36  3:56  Drone x2  
  36  3:57  Drone x4, Spire  
  36  3:58  Drone x3  
  44  4:13  Overlord x2  
  44  4:14  Overlord  
  44  4:32  Drone x6  
  44  4:33  Drone x3  
  53  4:44  Hatchery  
  52  4:47  Pneumatized Carapace  
  52  4:59  Extractor  
  51  5:03  Extractor  
  50  5:15  Drone x4  
  54  5:22  Overlord x2  
  54  5:24  Overseer  
  54  5:36  Mutalisk x6  
  54  5:37  Mutalisk  
  54  5:40  Overlord x2  
  68  5:54  Overseer  
  68  6:06  Mutalisk x5  
  78  6:12  Queen  
  80  6:20  Mutalisk x2  
  80  6:21  Mutalisk x2  
  80  6:23  Drone  
  89  6:33  Drone x5  
  89  6:35  Drone  
  95  6:43  Drone x2  
  97  6:59  Mutalisk x2  
  97  7:00  Mutalisk x2  
  105  7:03  Overlord x3  
  105  7:04  Overlord x2  
  105  7:24  Mutalisk x6  
  105  7:28  Drone x2  
  119  7:42  Mutalisk x2  
  119  7:43  Mutalisk  
  125  7:49  Mutalisk  
  125  8:01  Hatchery  
  124  8:09  Drone x3  
  124  8:10  Drone x6  
Show
View Real Time Build Order
Export as new Build Order

Juxtapose Zerg 

Build Orders: Hatch First 

Get SALT Encoding   

  12  0:01  Drone  
  13  0:10  Drone  
  14  0:17  Overlord  
  14  0:44  Hatchery  
  14  0:46  Drone  
  14  0:52  Drone  
  14  0:57  Extractor  
  14  0:59  Drone  
  14  1:01  Drone  
  16  1:19  Spawning Pool  
  16  1:24  Drone  
  16  1:25  Drone  
  17  1:32  Overlord  
  17  1:41  Drone  
  18  1:52  Drone  
  19  1:56  Drone  
  20  2:07  Metabolic Boost  
  20  2:08  Queen  
  20  2:10  Zergling x2  
  20  2:12  Drone  
  24  2:20  Drone  
  25  2:26  Zergling x2  
  25  2:29  Drone x2  
  28  2:36  Spine Crawler  
  27  2:40  Spine Crawler  
  26  2:45  Roach Warren  
  25  3:01  Drone  
  25  3:02  Drone x2  
  25  3:04  Queen  
  30  3:09  Zergling x2  
  30  3:10  Zergling x2  
  32  3:15  Drone, Extractor  
  32  3:26  Drone x2  
  34  3:29  Drone x2  
  34  3:31  Overlord  
  36  3:51  Drone x5  
  36  3:53  Roach  
  36  3:54  Overlord  
  43  4:02  Lair  
  43  4:12  Queen  
  45  4:29  Drone x4  
  45  4:30  Drone  
  50  4:34  Roach  
  50  4:35  Overlord  
  50  4:38  Overlord  
  52  4:44  Evolution Chamber  
  51  4:53  Queen  
  53  5:03  Extractor  
  53  5:04  Drone x2, Extractor  
  53  5:06  Roach x3  
  59  5:23  Glial Reconstitution  
  59  5:26  Roach  
  59  5:27  Roach x3  
  59  5:28  Overlord x2  
  67  5:34  Hydralisk Den  
  65  5:50  Overseer x2  
  65  5:58  Unknown  
  65  6:11  Hydralisk x6  
  65  6:12  Hydralisk x3  
  65  6:14  Overlord x2  
  65  6:17  Overlord x2  
  83  6:38  Drone x4  
  87  6:52  Unknown  
  87  6:59  Hydralisk x4  
  95  7:11  Overseer  
  95  7:14  Zergling x14  
  102  7:44  Hydralisk x5  
Tags
 
Add a new tag
Caveats
  • Supply blocks, unpowered buildings, or Contaminate may cause inaccurate times.
  • Supply counts are checked every 10 seconds.